cohdb
Replays
Latest Replays
All Replays
Popular Replays
Top Player Replays
Match Explorer
How It Works
Community
CoH3 Stats
Reddit
Sign in to upload your games and track your stats! →
Sign in with Steam
Match 40745157
Unlisted
Match 40745157
Overview
Messages
Build Orders
End
Panzerpioneer Squad
Panzergrenadier Squad
250 Light Carrier
Selects Panzerjäger Kommand Battlegroup
Selects Mine Fields
Construct Light Support Kompanie
Assault Grenadier Squad
Selects GrB 39 Grenade Launcher Requisition
Fire Support Elements
Panzerjäger Squad
Assault Mechanized Group
Flakvierling Half-track
Panzerjäger Squad
2.5-tonne Medical Truck
Construct Panzerarmee Kommand
Panzergrenadier Squad
Selects Crew Shock Tactics
Walking Stuka Rocket Launcher
Panzer III L Medium Tank
Panzergrenadier Squad
REGULATOR
bhlh, member e41
0
0
Comments
sign in to comment!
No comments posted yet!